 Dungeon Crawl Stone Soup version 0.22.0 (webtiles) character file.

21 nicolaieve the Cudgeler (level 2, 26/26 HPs)
             Began as a Minotaur Berserker on Aug 11, 2018.
             Was a Follower of Trog.
             Quit the game on level 1 of the Dungeon.
             The game lasted 00:02:28 (497 turns).

nicolaieve the Cudgeler (Minotaur Berserker)         Turns: 497, Time: 00:02:28

Health: 26/26      AC:  5    Str: 21    XL:     2   Next: 62%
Magic:  1/1        EV: 11    Int:  4    God:    Trog [*.....]
Gold:   36         SH:  0    Dex:  9    Spells: 1/1 levels left

rFire    . . .     SeeInvis .   l - -3 whip (curse)
rCold    . . .     Gourm    .   (no shield)
rNeg     . . .     Faith    .   i - +0 ring mail
rPois    .         Spirit   .   (helmet restricted)
rElec    .         Reflect  .   (no cloak)
rCorr    .         Harm     .   (no gloves)
MR       .....                  (no boots)
Stlth    ..........             (no amulet)
HPRegen  0.08/turn              (no ring)
MPRegen  0.07/turn              (no ring)

@: no status effects
A: retaliatory headbutt, horns 2
a: Berserk, Renounce Religion


You were on level 1 of the Dungeon.
You worshipped Trog.
Trog was aware of your devotion.
You were not hungry.

You visited 1 branch of the dungeon, and saw 1 of its levels.

You collected 36 gold pieces.

Inventory:

Hand Weapons
 a - a +0 mace
 l - a cursed -3 whip (weapon)
Armour
 i - a +0 ring mail (worn)
Jewellery
 e - an uncursed ring of poison resistance {unknown}
 j - an uncursed ring of protection from magic {unknown}
Scrolls
 b - a scroll of remove curse {unknown}
 d - a scroll of magic mapping {unknown}
 h - a scroll of random uselessness {unknown}
 n - a scroll of fear {unknown}
Potions
 f - a potion of might {unknown}
 k - a potion of cancellation {unknown}
 m - a potion of ambrosia {unknown}
Comestibles
 c - 3 rations


   Skills:
 - Level 3.6 Fighting
 + Level 4.8 Maces & Flails
 - Level 2.4 Armour
 - Level 2.1 Dodging


You had one spell level left.
You didn't know any spells.
Your spell library was empty.

Dungeon Overview and Level Annotations

Branches:
Dungeon (1/15)

Altars:


Innate Abilities, Weirdness & Mutations

You reflexively headbutt those who attack you in melee.
You have a pair of horns on your head.


Message History

You see here a whip.
l - a whip Wear which item? (? for menu, Esc to quit)
Okay, then.
Wield which item (- for none, * to show all)? (? for menu, Esc to quit)
It sticks to your hand!
l - a cursed -3 whip (weapon)
Unknown command.
Some of the chunks of flesh in your inventory have rotted away.
m - a fizzy blue potion
n - a scroll labeled ALOKOBREYJ
Found a stone staircase leading down.
Some of the chunks of flesh in your inventory have rotted away.
c - 3 rations (gained 1) All of the chunks of flesh in your inventory have rotted away.
A goblin comes into view.
The goblin shouts!
You hear a shout! x2
Quiver which item? (- for none, * to show all) (? for menu, Esc to quit)
Okay, then.
Are you sure you want to abandon this character and quit the game? (Confirm with "yes".)

#. #.#.#........ #.#.
#+#+#.#.######... ..
#.#. ......#.# #....
.. ..#. ......#.#
#.### .# ##.###.
......+.# #.# ..
+...... ......####
##..##. ##.#.#.
........... .g... #.
.......#### #..# #.
.......# ###@##+##
#.###. .......#
#.......# #.....
.........
#.......###########.
..........
#...................
..........
######.#+#############
.......... +........#
......... #####.#..#
####.... #.#..# ##.
#.#..#


You could see a goblin.

Vanquished Creatures
  A dart slug (D:1)
  A ball python (D:1)
  2 giant cockroaches (D:1)
  3 goblins (D:1)
  A hobgoblin (D:1)
  3 bats (D:1)
  A frilled lizard (D:1)
  3 kobolds (D:1)
  2 rats (D:1)
17 creatures vanquished.

Notes
Turn   | Place    | Note
-------+----------+-------------------------------------------
     0 | D:1      | nicolaieve the Minotaur Berserker began the quest for the Orb.
     0 | D:1      | Reached XP level 1. HP: 19/19 MP: 0/0
    93 | D:1      | Reached skill level 4 in Maces & Flails
   196 | D:1      | Reached XP level 2. HP: 23/26 MP: 1/1
   497 | D:1      | Quit the game

Skill      XL: |  1 |
---------------+----+-----
Maces & Flails | 4 |  4.8
Fighting       | |  3.6
Armour         | |  2.4
Dodging        | |  2.1

Action                   || total
-------------------------++-------
Melee: Mace              ||    33
       Headbutt          ||     4
Armor: Ring mail         ||     9
       Animal skin       ||     1
Dodge: Dodged            ||    36
